 Dungeon Crawl Stone Soup version 0.31-a0-596-g831eee08f1 (webtiles) character file.

Game seed: 16608287094735747282

37 Fodor the Covered (level 3, 0/49 HPs)
             Began as a Minotaur Fighter on Aug 21, 2023.
             Slain by an adder (1 damage)
             ... on level 2 of the Dungeon.
             The game lasted 00:04:50 (822 turns).

Fodor the Covered (Minotaur Fighter)                 Turns: 822, Time: 00:04:52

Health: 0/49       AC:  8    Str: 22    XL:     3   Next: 21%
Magic:  2/2        EV:  9    Int:  5    God:
Gold:   52         SH:  4    Dex:  9    Spells: 2/2 levels left

rFire   . . .        a - +0 long sword
rCold   . . .        c - +0 buckler
rNeg    . . .        b - +0 scale mail
rPois   .            e - +1 hat
rElec   .            (no cloak)
rCorr   .            (no gloves)
SInv    .            (no boots)
Will    .....        (no amulet) Stlth
                     (no ring)
HPRegen 0.28/turn    (no ring)
MPRegen 0.08/turn

%: no passive effects
@: berserking, lethally poisoned (0 -> -7), very quick
A: horns 2, retaliatory headbutt
a: no special abilities


You were on level 2 of the Dungeon.
You visited 1 branch of the dungeon, and saw 2 of its levels.

You collected 52 gold pieces.

Inventory:

Hand Weapons
 a - a +0 long sword (weapon)
Armour
 b - a +0 scale mail (worn)
 c - a +0 buckler (worn)
 e - a +1 hat (worn)
Jewellery
 h - a ring of poison resistance
Scrolls
 f - 2 scrolls of immolation {unknown}
 i - 3 scrolls of silence {unknown}
 k - 2 scrolls of identify {unknown}
 l - a scroll of revelation {unknown}
Potions
 d - a potion of might
 j - a potion of lignification {unknown}


   Skills:
 + Level 4.0 Fighting
 + Level 3.0 Long Blades
 + Level 4.2 Armour
 + Level 4.0 Shields


You had 2 spell levels left.
You didn't know any spells.
Your spell library was empty.

Dungeon Overview and Level Annotations

Branches:
Dungeon (2/15)

Altars:


Innate Abilities, Weirdness & Mutations

You have a pair of horns on your head.
You reflexively headbutt those who attack you in melee.


Message History

You block the adder's attack. The adder bites you.
The adder attacks as it pursues you! You block the adder's attack.
The adder bites you.
You feel sick. The adder attacks as it pursues you! The adder bites you.
You are lethally poisoned!
The adder poisons you! The adder attacks as it pursues you!
The adder bites you.
You are more poisoned.
The adder poisons you! The adder attacks as it pursues you!
You block the adder's attack.
* * * LOW HITPOINT WARNING * * *
You feel very sick. The adder attacks as it pursues you!
The adder barely misses you. You furiously retaliate!
You headbutt the adder.
* * * LOW HITPOINT WARNING * * *
You feel very sick. The adder attacks as it pursues you!
The adder bites you but does no damage. The adder barely misses you.
You furiously retaliate!
You headbutt the adder!
You kill the adder!
The adder attacks as it pursues you! You block the adder's attack.
Your Long Blades skill increases to level 3!
You have reached level 3!
Your experience leads to an increase in your attributes!
Increase (S)trength, (I)ntelligence, or (D)exterity?
You feel stronger. x2
It was a potion of berserk rage.
A red film seems to cover your vision as you go berserk!
You feel yourself moving faster!
You feel mighty!
* * * LOW HITPOINT WARNING * * *
You feel very sick. The adder closely misses you.
The adder bites you but does no damage.
You are too berserk!
You are too berserk!
You slash the ball python!
You kill the ball python!
* * * LOW HITPOINT WARNING * * *
You feel sick. The adder bites you.
* * * LOW HITPOINT WARNING * * *
The adder bites you.
You die...

...............#
.......<.......#
#......#.......+
.#.....#.......#
..#.#..........#
#### ##.).......#
.....#..#.#######
......†SS.#
.......@.##
##########


You could see 2 adders.

Vanquished Creatures
  An adder (D:2)
  A dart slug (D:1)
  2 endoplasms (D:1)
  4 goblins (D:1)
  6 hobgoblins (D:1)
  3 quokkas
  A ball python (D:2)
  3 frilled lizards (D:1)
  A kobold (D:1)
  A rat (D:1)
23 creatures vanquished.

Notes
Turn   | Place    | Note
-------+----------+-------------------------------------------
     0 | D:1      | Fodor the Minotaur Fighter began the quest for the Orb.
     0 | D:1      | Reached XP level 1. HP: 19/19 MP: 0/0
   224 | D:1      | Reached XP level 2. HP: 27/27 MP: 1/1
   821 | D:2      | Reached XP level 3. HP: 3/33 MP: 2/2
   821 | D:2      | HP: 2/49 [poisoned by an adder]
   822 | D:2      | Slain by an adder

Illustrated notes

Levels and vault maps discovered:
D:1:      dpeg_arrival_rooms_c, layout_basic, serial_rivers,
          chequers_serial_rivers_micro_a, chequers_serial_rivers_micro_b,
          chequers_serial_rivers_small_b, chequers_serial_rivers_small_3,
          minmay_box_of_dots
D:2:      layout_basic, shapermc_ecumenical_altar_acropolis, nicolae_half_adder

Skill      XL: |  1  2 |
---------------+-------+-----
Fighting       | 4 |  4.0
Armour         | 4 |  4.2
Shields        | 4 |  4.0
Long Blades    | 3 |  3.0

Action                     || total
---------------------------++-------
  Melee: Long sword        ||    44
         Headbutt          ||    10
    Use: Potion            ||     1
 Armour: Scale mail        ||    30
  Dodge: Dodged            ||    24
  Block: Buckler           ||    14

Table legend: (Time is in decaauts)
 A = Elapsed time spent in this place.
 B = Non-inter-level travel time spent in this place.
 C = Inter-level travel time spent in this place.
 D = Time resting spent in this place.
 E = Time spent auto-exploring this place.
 F = Levels seen in this place.
 G = Mean time per level.
                   A        B        C        D        E       F      G
               +--------+--------+--------+--------+--------+-----+--------+
         Total |    844 |    844 |      0 |      0 |      0 |   2 |  422.0 |
       Dungeon |    844 |    844 |      0 |      0 |      0 |   2 |  422.0 |
               +--------+--------+--------+--------+--------+-----+--------+

Top non-repeatable levels by time:
     D:1: 832 daAuts
     D:2: 11 daAuts
